 Dungeon Crawl Stone Soup version 0.31-a0-210-gccc998df9b (webtiles) character file.

Game seed: 6658193118754260108

39 ytrimaz the Grave Robber (level 3, -9/24 HPs)
             Began as a Mummy Necromancer on June 30, 2023.
             Mangled by an ogre
             ... wielding a +0 giant spiked club
              (33 damage)
             ... on level 2 of the Dungeon.
             The game lasted 00:02:18 (1824 turns).

ytrimaz the Grave Robber (Mummy Necromancer)        Turns: 1824, Time: 00:02:19

Health: -9/24      AC:  2    Str: 11    XL:     3   Next: 28%
Magic:  0/7        EV: 12    Int: 16    God:
Gold:   87         SH:  0    Dex: 12    Spells: 4/8 levels left

rFire   x . .        e - +1 demon blade (flame)
rCold   + . .        (no shield)
rNeg    + + +        a - +0 robe
rPois   ∞            (no helmet)
rElec   .            (no cloak)
rCorr   .            (no gloves)
SInv    .            (no boots)
Will    .....        (no amulet)
Stlth   ++           (no ring)
HPRegen 0.24/turn    (no ring)
MPRegen 0.10/turn

%: faith
@: no status effects
A: cold resistance 1, negative energy resistance 3, torment resistance 2, heat
vulnerability 1, in touch with death 1, no potions, faith
a: no special abilities


You were on level 2 of the Dungeon.
You visited 1 branch of the dungeon, and saw 2 of its levels.

You collected 87 gold pieces.


Innate Abilities, Weirdness & Mutations

You are immune to poison.
Your flesh is cold resistant. (rC+)
You are immune to negative energy. (rN+++)
You are immune to unholy pain and torment.
You are vulnerable to heat. (rF-)
You are in touch with the powers of death.
You do not drink.
You have a special connection with the divine. (Faith)


   Skills:
 + Level 0.5 Long Blades
 - Level 2.2 Dodging
 - Level 1.5 Stealth
 + Level 3.3 Spellcasting
 + Level 4.3 Necromancy


You had 4 spell levels left.
You knew the following spells:

 Your Spells              Type           Power      Damage    Failure   Level
a - Necrotise             Necr           96%        1d8       3%          1
b - Vampiric Draining     Necr           24%        2d7       9%          3

Your spell library contained the following spells:

 Spells                   Type           Power      Damage    Failure   Level
 Animate Dead             Necr           24%        N/A       30%         4
 Agony                    Necr           24%        N/A       63%         5

Inventory:

Hand Weapons
 e - a +1 demon blade of flaming (weapon)
   (You found it on level 1 of the Dungeon)
Armour
 a - a +0 robe (worn)
Scrolls
 b - a scroll of teleportation {unknown}
 c - 2 scrolls of amnesia {unknown}
 d - a scroll of blinking {unknown}
 f - a scroll of summoning {unknown}
 g - a scroll of silence {unknown}

Dungeon Overview and Level Annotations

Branches:
Dungeon (2/15) Zot: 10173

Altars:

Shops:
D:1 :

Annotations:
D:2 exclusion: ogre

#.#.# #.######## #.#.# ######.#
#.. #!#.# #....#.# #.# #.#.#
####.##.#.# #.# #.#.#
###.....#.#.# #.. #.#.#
#.......#.#.######## #.#.#
#.......#.#.#....... #######.#.#
#..O...##.#.###.###. ......>...#
#..@...##.#.###.# #. #.........#
#......##.#.....# #. #.###.....##
#......##)#########. #.#........#
#......##...........
#.#.###....###......#############
#..........).....................
#....=...........................
#............##.#####.....#######
#........###..............#


You could see an ogre.


Message History

😨 MP[+1]
c - 2 scrolls labelled KAKLAE TEDA (gained 1)
You see here a +0 club. 😨 HP[+1]
You now have 63 gold pieces (gained 12).
This spell is quite dangerous to cast!
Memorise Vampiric Draining, consuming 3 spell levels and leaving 4?
You start memorising the spell.
You continue memorising. x3
You finish memorising.
Spell assigned to 'b'. 😨 HP[+1] Key pressed, stopping explore.
A dart slug comes into view.
A dart slug is nearby! 😎 HP[+12] MP[+3]
Your hp is fully restored (24).
Your mp is fully restored (7).
A dart slug is nearby!
A dart slug is nearby!
You feel a surge of power!
The dart slug writhes in agony. 😎 MP[-1]
You lost 1 mp, and now have 6/7 mp.
You feel a surge of power!
The dart slug writhes in agony. 😎 MP[-1]
You lost 1 mp, and now have 5/7 mp.
You feel a surge of power!
The dart slug writhes in agony!
You kill the dart slug! 😎 MP[-1]
You lost 1 mp, and now have 4/7 mp.
Key pressed, stopping explore.
Found a stone staircase leading down. 😎 MP[+3]
Your mp is fully restored (7).
You see here a dart slug corpse.
Key pressed, stopping explore.
g - a scroll labelled DAFUCKICUU You now have 75 gold pieces (gained 12).
You now have 83 gold pieces (gained 8).
Found a stone staircase leading up.
Key pressed, stopping explore.
You see here a dart slug corpse.
Key pressed, stopping explore.
Found a stone staircase leading down.
A bat comes into view.
A bat is nearby!
You feel a surge of power!
The bat writhes in agony.
You kill the bat!
The dead are flying! 😎 MP[-1]
You lost 1 mp, and now have 6/7 mp.
You can't see any susceptible monsters within range! (Use Z to cast anyway.)
Your bat skeleton crumbles into dust!
Found a stone staircase leading up. 😎 MP[+1]
Your mp is fully restored (7).
Key pressed, stopping explore.
Key pressed, stopping explore.
Key pressed, stopping explore.
You see here a +0 whip.
You now have 87 gold pieces (gained 4).
You see here a +0 whip.
You see here a +0 spear.
Key pressed, stopping explore.
Partly explored, can't reach some places.
Partly explored, can't reach some places.
Really walk into a travel-excluded area?
You can't see any susceptible monsters within range! (Use Z to cast anyway.)
The ogre shouts!
You feel a surge of power!
The ogre barely resists. 😎 MP[-1]
You lost 1 mp, and now have 6/7 mp.
You feel a surge of power!
The ogre writhes in agony. 😎 MP[-1]
You lost 1 mp, and now have 5/7 mp.
You feel a surge of power!
The ogre writhes in agony! 😎 MP[-1]
You lost 1 mp, and now have 4/7 mp.
Casting: Necrotise (safe; 3% risk of failure)
Confirm with . or Enter, or press ? or * to list all spells.
The spell is quite dangerous to miscast (9% risk of failure)!
Continue anyway?
Okay, then.
Casting: Vampiric Draining (quite dangerous; 9% risk of failure)
Confirm with . or Enter, or press ? or * to list all spells.
The spell is quite dangerous to miscast (9% risk of failure)!
Continue anyway?
Aiming: Vampiric Draining (quite dangerous; 9% risk of failure)
Press: ? - help, Shift-Dir - straight line, f/p - ogre
Aim: an ogre, wielding a +0 giant spiked club (moderately wounded)
You feel a surge of power!
You draw life force from the ogre.
The ogre misses you. 😎 MP[-3]
You lost 3 mp, and now have 1/7 mp.
Unknown command.
Aiming: Necrotise (safe; 3% risk of failure)
Press: ? - help, Q - select action Shift-Dir - straight line, f/p - ogre
Aim: an ogre, wielding a +0 giant spiked club (moderately wounded, chance to affect: 83%)
You feel a surge of power!
The ogre writhes in agony. 😎 MP[-1]
You lost 1 mp, and now have 0/7 mp.
You slash the ogre! You burn the ogre.
The ogre hits you with a +0 giant spiked club!!
Ouch! That really hurt!
You die...

Skill      XL: |  1  2 |
---------------+-------+-----
Dodging        | 2 |  2.2
Spellcasting   | 3 |  3.3
Long Blades    | |  0.5
Stealth        | |  1.5
Necromancy     | |  4.3

Action                     || total
---------------------------++-------
  Melee: Unarmed           ||    10
         Demon blade       ||     8
   Cast: Necrotise         ||    48
         Vampiric Draining ||     1
 Armour: Robe              ||     3
  Dodge: Dodged            ||    17

Levels and vault maps discovered:
D:1:      spicycebolla_arrival_xxxplode, layout_rooms, serial_shops,
          nicolae_square_shop, ebering_ecumenical_altar_ruins,
          nicolae_the_louvre
D:2:      layout_basic, minmay_circled_x

Notes
Turn   | Place    | Note
-------+----------+-------------------------------------------
     0 | D:1      | ytrimaz the Mummy Necromancer began the quest for the Orb.
     0 | D:1      | Reached XP level 1. HP: 13/13 MP: 4/4
     0 | D:1      | magus.rc [v1.9.6]
    94 | D:1      | Found Tife's Book Shoppe.
   167 | D:1      | Found a faded altar of an unknown god.
   252 | D:1      | Reached XP level 2. HP: 15/19 MP: 2/5
   286 | D:1      | Reached skill level 2 in Dodging
   305 | D:1      | Reached skill level 3 in Spellcasting
   994 | D:2      | Noticed an ogre
  1234 | D:2      | Gained mutation: You are in touch with the powers of death.
                  | [Mummy growth]
  1234 | D:2      | Reached XP level 3. HP: 10/24 MP: 2/7
  1252 | D:2      | Learned a level 3 spell: Vampiric Draining
  1824 | D:2      | Mangled by an ogre

Vanquished Creatures
  A gnoll (D:2)
  A worm (D:2)
  2 dart slugs
  3 goblins
  3 hobgoblins
  2 quokkas
  5 ball pythons
  3 bats
  A frilled lizard (D:2)
  4 rats (D:1)
25 creatures vanquished.

Table legend:
 A = Non-vault XP
 B = Vault XP
 C = Vault XP percentage of total XP
 D = Non-vault monster count
 E = Vault monster count
 F = Vault count percentage of total count
                 A         B        C        D         E       F
            +---------+---------+-------+---------+---------+-------
      Total |      38 |      19 |  33.3 |      21 |       4 |  16.0
            +---------+---------+-------+---------+---------+-------
        D:1 |      24 |       0 |   0.0 |      15 |       0 |   0.0
        D:2 |      14 |      19 |  57.6 |       6 |       4 |  40.0
            +---------+---------+-------+---------+---------+-------

Skill      XL: |  1  2 |
---------------+-------+-----
Dodging        | 2 |  2.2
Spellcasting   | 3 |  3.3
Long Blades    | |  0.5
Stealth        | |  1.5
Necromancy     | |  4.3

Action                     || total
---------------------------++-------
  Melee: Unarmed           ||    10
         Demon blade       ||     8
   Cast: Necrotise         ||    48
         Vampiric Draining ||     1
 Armour: Robe              ||     3
  Dodge: Dodged            ||    17

Illustrated notes

Table legend:
 A = Kills in this place as a percentage of kills in the entire game.
 B = Kills by you in this place as a percentage of kills by you in the entire game.
 C = Kills by friends in this place as a percentage of kills by friends in the entire game.
 D = Other kills in this place as a percentage of other kills in the entire game.
 E = Experience gained in this place as a percentage of experience gained in the entire game.
 F = Experience gained in this place divided by the number of levels of this place that you have seen.
                   A       B       C       D       E      F
               +-------+-------+-------+-------+-------+----------------------
         Total | 100.0 | 100.0 |   N/A |   N/A | 100.0 |  28.5
       Dungeon | 100.0 | 100.0 |   N/A |   N/A | 100.0 |  28.5
               +-------+-------+-------+-------+-------+----------------------

Table legend: (Time is in decaauts)
 A = Elapsed time spent in this place.
 B = Non-inter-level travel time spent in this place.
 C = Inter-level travel time spent in this place.
 D = Time resting spent in this place.
 E = Time spent auto-exploring this place.
 F = Levels seen in this place.
 G = Mean time per level.
                   A        B        C        D        E       F      G
               +--------+--------+--------+--------+--------+-----+--------+
         Total |   1825 |   1785 |     40 |      0 |   1585 |   2 |  912.5 |
       Dungeon |   1825 |   1785 |     40 |      0 |   1585 |   2 |  912.5 |
               +--------+--------+--------+--------+--------+-----+--------+

Top non-repeatable levels by time:
     D:2: 939 daAuts
     D:1: 885 daAuts
